 Seeded DCSS version 0.29-a0-838-g385bb11a5b (webtiles) character file.

Game seed: 8897551386731462229 (custom seed)

119781 wilfster70 the Thaumaturge (level 16, -5/113 HPs)
             Began as a Gnoll Conjurer on July 13, 2022.
             Was the Champion of Hepliaklqana.
             Drowned by a drowned soul (14 damage)
             ... summoned by a merfolk avatar
             ... on level 2 of the Shoals on July 14, 2022.
             The game lasted 01:32:19 (29400 turns).

wilfster70 the Thaumaturge (Gnoll Conjurer)        Turns: 29400, Time: 01:32:20

Health: -5/113     AC: 25    Str:  6    XL:     16   Next: 80%
Magic:  18/32      EV: 16    Int: 34    God:    Hepliaklqana [******]
Gold:   1679       SH:  8    Dex: 13    Spells: 23/40 levels left

rFire   + + +      SeeInvis .   t - +8 sling of Risukash {freeze, Dex+2}
rCold   . . .      Faith    .   z - +1 buckler {rF+}
rNeg    + . .      Spirit   .   W - +2 troll leather armour
rPois   .          Reflect  .   g - +5 helmet of Gaipa {Rampage}
rElec   +          Harm     .   F - +2 cloak
rCorr   .          Rampage  +   h - +2 pair of gloves
Will    +....                   V - +2 pair of boots
Stlth   +++++.....              K - amulet of regeneration
HPRegen 1.88/turn               q - ring "Mogionk" {rElec rF+ rN+ Int+4}
MPRegen 0.23/turn               Q - ring "Fufar" {Fly rF+ Int+4}

@: flying, mesmerised
A: reduced essence, fangs 1, strong nose, distributed training
a: Renounce Religion, Recall Ancestor, Ancestor Identity, Transference, Idealise


You were on level 2 of the Shoals.
You worshipped Hepliaklqana.
Hepliaklqana was exalted by your worship.
You visited 4 branches of the dungeon, and saw 25 of its levels.
You also visited: Ossuary, Bailey and Ice Cave.

You collected 2909 gold pieces.
You spent 1230 gold pieces at shops.

Inventory:

Hand Weapons
 a - the +4 rapier "Ycwinefo" {speed, Dex+4}
   (You acquired it on level 1 of the Dungeon)

   Attacks with this weapon are significantly faster.
   Dex:       It affects your dexterity (+4).
 b - a +3 broad axe of electrocution
 k - a +1 demon whip of venom
 t - the +8 sling of Risukash (weapon) {freeze, Dex+2}
   (You found it in a bailey)

   Any ammunition fired from it freezes those it strikes, dealing additional
   cold damage.
   It can also slow down cold-blooded creatures.
   Dex:       It affects your dexterity (+2).
Missiles
 e - 4 javelins
 M - 51 poisoned darts
 O - 3 throwing nets
Armour
 g - the +5 helmet of Gaipa (worn) {Rampage}
   (You acquired it on level 1 of the Dungeon)

   Rampage:   It bestows one free step when moving towards enemies.
 h - a +2 pair of gloves (worn)
 z - a +1 buckler of fire resistance (worn)
 F - a +2 cloak (worn)
 V - a +2 pair of boots (worn)
 W - a +2 troll leather armour (worn)
Jewellery
 q - the ring "Mogionk" (left hand) {rElec rF+ rN+ Int+4}
   (You acquired it on level 5 of the Lair of Beasts)

   [ring of positive energy]

   Int:       It affects your intelligence (+4).
   rF:        It protects you from fire.
   rElec:     It insulates you from electricity.
   rN:        It protects you from negative energy.
 y - the ring "Len Matocisk" {rPois rN+ Dex+4}
   (You acquired it on level 8 of the Dungeon)

   [ring of poison resistance]

   Dex:       It affects your dexterity (+4).
   rPois:     It protects you from poison.
   rN:        It protects you from negative energy.
 K - an amulet of regeneration (around neck)
 P - a ring of see invisible
 Q - the ring "Fufar" (right hand) {Fly rF+ Int+4}
   (You bought it in a shop on level 10 of the Dungeon)

   [ring of protection from fire]

   Int:       It affects your intelligence (+4).
   rF:        It protects you from fire.
   Fly:       It grants you flight.
 R - a ring of ice
 X - a ring of resist corrosion
Wands
 l - a wand of polymorph (3)
 A - a wand of charming (21)
 B - a wand of roots (11)
 D - a wand of flame (32)
 G - a wand of light (13)
 J - a wand of mindburst (26)
 N - a wand of digging (6)
Scrolls
 n - 4 scrolls of amnesia
 o - 6 scrolls of blinking
 p - 11 scrolls of teleportation
 r - 4 scrolls of identify
 w - 5 scrolls of fear
 x - 3 scrolls of enchant weapon
 T - 3 scrolls of magic mapping
 U - 2 scrolls of silence
Potions
 c - 11 potions of curing
 f - 2 potions of magic
 i - a potion of brilliance
 j - 2 potions of berserk rage
 m - 2 potions of cancellation
 s - 4 potions of might
 u - 4 potions of mutation
 C - 5 potions of resistance
 E - 3 potions of invisibility
 I - 6 potions of lignification
 L - 5 potions of haste
 S - a potion of ambrosia
Miscellaneous
 v - a tin of tremorstones (2/2)


   Skills:
 + Level 11.5 Fighting
 + Level 11.5 Short Blades
 + Level 11.5 Long Blades
 + Level 11.5 Axes
 + Level 11.5 Maces & Flails
 + Level 11.5 Polearms
 + Level 11.5 Staves
 + Level 11.5 Ranged Weapons
 + Level 11.5 Throwing
 + Level 11.5 Armour
 + Level 12.4 Dodging
 + Level 12.3 Stealth
 + Level 11.5 Shields
 + Level 11.5 Unarmed Combat
 + Level 12.5 Spellcasting
 + Level 12.0 Conjurations
 + Level 9.7 Hexes
 + Level 9.7 Summonings
 + Level 9.7 Necromancy
 + Level 9.7 Translocations
 + Level 9.7 Transmutations
 + Level 9.7 Fire Magic
 + Level 9.7 Ice Magic
 + Level 9.7 Air Magic
 + Level 9.7 Earth Magic
 + Level 9.7 Poison Magic
 + Level 12.5 Invocations
 + Level 11.5 Evocations


You had 23 spell levels left.
You knew the following spells:

 Your Spells              Type           Power      Damage    Failure   Level
a - Iskenderun's Mystic   Conj/Tloc      77%        2d15      1%          4
b - Summon Mana Viper     Hex/Summ       73%        N/A       1%          5
c - Passwall              Tmut/Erth      60%        N/A       1%          2
e - Airstrike             Air            36%        0-12+     1%          4
g - Blink                 Tloc           100%       N/A       1%          2

Your spell library contained the following spells:

 Spells                   Type           Power      Damage    Failure   Level
 Apportation              Tloc           100%       N/A       1%          1
 Foxfire                  Conj/Fire      100%       2x1d9     1%          1
 Magic Dart               Conj           100%       1d8       1%          1
 Necrotise                Necr           100%       1d9       1%          1
 Shock                    Conj/Air       100%       1d9       1%          1
 Summon Small Mammal      Summ           100%       N/A       1%          1
 Ensorcelled Hibernation  Hex/Ice        100%       N/A       1%          2
 Poisonous Vapours        Pois/Air       100%       N/A       1%          2
 Searing Ray              Conj           100%       2d8       1%          2
 Conjure Flame            Conj/Fire      77%        6-21      1%          3
 Dazzling Flash           Conj/Hex       100%       N/A       1%          3
 Gell's Gravitas          Tloc           73%        N/A       1%          3
 Inner Flame              Hex/Fire       73%        N/A       1%          3
 Portal Projectile        Hex/Tloc       100%       N/A       1%          3
 Swiftness                Air            73%        N/A       1%          3
 Teleport Other           Tloc           73%        N/A       1%          3
 Tukima's Dance           Hex            73%        N/A       1%          3
 Corpse Rot               Necr/Pois/Air  73%        N/A       1%          4
 Flame Wave               Conj/Fire      77%        2d14      1%          4
 Fulminant Prism          Conj/Hex       38%        3d18      1%          4
 Summon Ice Beast         Ice/Summ       73%        N/A       1%          4
 Blade Hands              Tmut           36%        N/A       1%          5
 Irradiate                Conj/Tmut      38%        3d24      1%          5
 Manifold Assault         Tloc           73%        N/A       1%          5
 Dispersal                Tloc           36%        N/A       10%         6
 Dragon Form              Tmut           36%        N/A       45%         7
 Monstrous Menagerie      Summ           36%        N/A       45%         7
 Storm Form               Tmut/Air       36%        N/A       45%         7
 Borgnjor's Revivificati  Necr           36%        N/A       99%         8
 Disjunction              Tloc           36%        N/A       99%         8
 Necromutation            Tmut/Necr      36%        N/A       99%         8
 Death's Door             Necr           36%        N/A       100%        9


Dungeon Overview and Level Annotations

Branches:
Dungeon (15/15)            Temple (0/1) D:7            Lair (6/6) D:10
 Shoals (2/4) Lair:4       Spider (0/4) Lair:3        Slime (0/5) Lair:5
    Orc (2/2) D:12            Elf (0/3) Orc:2        Vaults (0/5) D:13
 Depths (0/4) D:15        Ossuary (visited)          Bailey (visited)
  IceCv (visited)

Altars:
Cheibriados
Fedhas
Gozag
Hepliaklqana
Kikubaaqudgha
Makhleb
Ru
Trog
Vehumet
Xom
Yredelemnul
The Shining One
Jiyva

Shops:
D:10 =   Orc:2 (*=??

Annotations:
D:4 2 transporters, qborf's ghost, amateur MiCK
D:7 3 runed translucent doors, gruber's ghost, novice TeCj
D:8 exclusion: downstairs
D:12 2 runed translucent doors
Shoals:1 2 runed translucent doors, gabibbone's ghost, adept TeFi


Innate Abilities, Weirdness & Mutations

Your life essence is reduced to manifest your ancestor. (-10% HP)
You have very sharp teeth.
Your uncanny sense of smell can sniff out nearby items.
Your experience applies equally to all skills.


Message History

The air twists around and strikes the merfolk avatar!
You kill the merfolk avatar!
The drowned soul returns to the deep! x3
The pull of its song draws you forwards.
Your mana viper splashes around in the water.
The merfolk avatar falters for a moment.
Casting: Airstrike (mildly dangerous; 1% risk of failure)
Confirm with . or Enter, or press ? or * to list all spells.
Okay, then.
Magic courses through your body.
Your mana viper bites the merfolk avatar!
The merfolk avatar's magic leaks into the air.
You block the drowned soul's attack.
The merfolk avatar falters for a moment.
You block the drowned soul's attack.
Casting: Airstrike (mildly dangerous; 1% risk of failure)
Confirm with . or Enter, or press ? or * to list all spells.
Aiming: Airstrike (mildly dangerous; 1% risk of failure)
Press: ? - help, Dir - move target, f - merfolk avatar
Aim: a merfolk avatar (water, heavily wounded, mesmerising, ally target, magic disrupted, empty space bonus: 6/8)
The air twists around and strikes the merfolk avatar!
The merfolk avatar is severely wounded.
Your mana viper bites the merfolk avatar.
The merfolk avatar's magic leaks into the air.
The drowned soul touches you. The drowned soul drowns you!
* * * LOW HITPOINT WARNING * * *
You block the drowned soul's attack.
The merfolk avatar chants its luring song.
Your mana viper bites the merfolk avatar.
The merfolk avatar's magic leaks into the air.
Casting: Airstrike (mildly dangerous; 1% risk of failure)
Confirm with . or Enter, or press ? or * to list all spells.
Aiming: Airstrike (mildly dangerous; 1% risk of failure)
Press: ? - help, Dir - move target, f/p - merfolk avatar
Aim: a merfolk avatar (water, almost dead, mesmerising, not watching you, ally target, magic disrupted, empty space bonus: 6/8)
The air twists around and strikes the merfolk avatar!
The merfolk avatar is almost dead.
The pull of its song draws you forwards.
The drowned soul touches you. The drowned soul drowns you!
You die...

≈≈≈≈≈≈≈≈≈≈≈≈≈≈≈≈≈≈≈
≈≈≈≈≈≈≈≈≈≈≈≈≈≈≈≈≈≈≈
≈≈≈≈≈≈≈≈≈≈≈≈≈≈≈≈≈≈≈≈≈≈
≈≈≈≈≈≈≈≈≈≈≈≈≈≈≈≈≈≈≈≈≈≈
≈≈≈≈.≈≈≈≈W≈≈≈≈≈≈≈≈≈≈≈≈
≈≈≈≈≈≈≈≈≈≈≈≈≈≈≈≈≈W≈≈≈≈
.≈≈≈≈≈≈≈≈≈≈≈≈≈≈≈≈≈≈≈≈≈
..≈≈≈≈≈≈≈≈≈≈≈≈≈≈W≈≈≈≈≈
...≈.≈≈≈≈≈≈≈≈@m≈≈≈≈≈≈≈
#....≈≈≈≈≈≈≈≈≈S≈≈≈≈≈≈
##...≈.≈≈≈≈≈≈≈≈≈≈≈≈≈≈
##.....≈≈≈≈≈≈≈≈≈≈≈≈≈≈
.....≈.<≈≈≈≈...≈≈≈≈≈≈
.........≈≈≈≈≈≈≈≈≈≈≈.
..(.......≈≈≈≈≈≈≈≈≈..
..........≈≈≈≈≈≈≈≈>..
..........#####


You could see a merfolk avatar (mesmerising, ally target, magic disrupted), 3
drowned souls and a friendly mana viper (summoned).

Vanquished Creatures
  An orc warlord (Orc:2)
  A dire elephant (Lair:6)
  Snorg (D:10)
  Josephine (Lair:6)
  3 hydras
  Harold (D:10)
  An ironbound frostheart (IceCv)
  A boulder beetle (D:12)
  3 centaur warriors
  A merfolk avatar (Shoals:2)
  A dancing weapon (D:13)
  5 tengu warriors
  9 two-headed ogres
  10 death yaks
  A sea snake (Shoals:1)
  A deep troll (Orc:2)
  4 harpies (Shoals:1)
  Pikel (D:5)
  4 deep elf pyromancers
  10 ugly things
  3 cyclopes
  A manticore (Shoals:2)
  8 elephants
  4 black mambas
  A water nymph (Shoals:1)
  2 gargoyles (D:12)
  2 unseen horrors
  16 cane toads
  2 rime drakes
  A yaktaur (D:15)
  10 komodo dragons
  2 kobold demonologists
  2 freezing wraiths (D:14)
  A tengu conjurer (D:14)
  4 entropy weaver simulacra (D:14)
  A merfolk (Shoals:1)
  8 trolls
  4 polar bears
  3 wind drakes
  A wolf spider simulacrum (D:15)
  14 blink frogs
  5 slime creatures
  2 hornets
  A snapping turtle (Shoals:1)
  A culicivora (Lair:3)
  2 water elementals (D:15)
  7 wraiths
  A vampire (D:8)
  3 wyverns
  45 yaks
  8 basilisks
  2 steam dragons
  Menkaure (D:7)
  5 vampire mosquitoes (Lair:6)
  4 wargs
  14 water moccasins
  A sky beast (D:7)
  18 orc warriors
  4 black bears
  2 alligator simulacra (D:14)
  22 ogres
  3 ice beasts (D:6)
  5 boggarts (D:14)
  16 wolves (Lair:6)
  A phantom (D:6)
  7 centaurs
  A lemure (D:5)
  An elf zombie (Ossuary)
  Blork the orc (D:5)
  4 kobold brigands
  18 bullfrogs
  A gnoll sergeant (D:9)
  2 scorpions
  A necrophage (D:7)
  4 wights (D:7)
  6 killer bees
  A howler monkey (D:10)
  4 electric eels
  A centaur zombie (Ossuary)
  8 orc priests
  3 hounds (D:5)
  Crazy Yiuf (D:6)
  A gnoll bouda (D:8)
  2 human zombies (Ossuary)
  2 iguanas
  15 orc wizards
  6 hell rats (Lair:2)
  A killer bee zombie (D:7)
  2 mummies (Ossuary)
  15 gnolls
  12 adders
  A shadow imp (D:7)
  2 white imps (D:5)
  An adder zombie (Ossuary)
  3 worms
  2 dart slugs
  59 orcs
  4 bats
  10 endoplasms
  4 giant cockroaches
  7 goblins
  11 hobgoblins
  4 jackals (D:1)
  25 kobolds
  8 ball pythons
  7 frilled lizards
  A goblin zombie (Ossuary)
  7 hobgoblin zombies (Ossuary)
  7 kobold zombies (Ossuary)
  8 orc zombies (Ossuary)
  A rat (D:3)
615 creatures vanquished.

Vanquished Creatures (collateral kills)
  Jorgrun (Orc:1)
  Rupert (Orc:2)
  A stone giant (D:15)
  Nessos (Orc:2)
  Fannar (D:10)
  A hydra (Lair:6)
  3 two-headed ogres
  A boulder beetle (D:12)
  2 ogre magi (Orc:2)
  A death knight (D:14)
  2 centaur warriors (D:15)
  A dancing weapon (D:13)
  3 death yaks
  An orc high priest (Bailey)
  A tengu warrior (D:14)
  Amaemon (D:8)
  2 sea snakes (Shoals:1)
  A spriggan simulacrum (D:14)
  A wizard (D:15)
  A harpy (Shoals:1)
  A deep troll (Orc:2)
  2 ugly things (D:14)
  2 cyclopes
  A manticore (D:11)
  14 elephants
  3 black mambas
  5 cane toads
  An orange demon (D:8)
  3 komodo dragons
  2 kobold demonologists (D:11)
  2 rime drakes
  5 polar bears
  2 merfolk (Shoals:1)
  3 tyrant leeches (Lair:6)
  A hornet (D:9)
  6 trolls
  A wind drake (Shoals:1)
  A slime creature (D:11)
  4 blink frogs
  A snapping turtle (Shoals:1)
  2 culicivoras (Lair:3)
  5 wraiths
  A culicivora (shapeshifter) (D:15)
  6 water elementals
  13 yaks
  2 wyverns
  A basilisk (Lair:2)
  A warg (Orc:2)
  A steam dragon (D:10)
  A water moccasin (Lair:2)
  A harpy simulacrum (D:14)
  An acid dragon (D:10)
  3 ogres (Orc:2)
  7 orc warriors
  2 wolves (Lair:6)
  2 centaurs
  A kobold brigand (D:7)
  4 bullfrogs
  A wight (D:7)
  A killer bee (D:8)
  2 electric eels
  A howler monkey (D:10)
  2 centaur zombies (Ossuary)
  2 orc priests (Orc:2)
  4 orc wizards
  A killer bee zombie (D:7)
  4 gnolls
  22 orcs
  4 kobolds
  2 goblin zombies (Ossuary)
  A kobold zombie (Ossuary)
  2 orc zombies (Ossuary)
  A rat zombie (Ossuary)
191 creatures vanquished.

Vanquished Creatures (others)
  30 hexers
  2 ancestors
  69 fungi
  173 plants
274 creatures vanquished.

Grand Total: 1080 creatures vanquished

Notes
Turn   | Place    | Note
-------+----------+-------------------------------------------
     0 | D:1      | wilfster70 the Gnoll Conjurer began the quest for the Orb.
     0 | D:1      | Reached XP level 1. HP: 13/13 MP: 6/6
   183 | D:1      | Reached XP level 2. HP: 16/19 MP: 7/7
   331 | D:1      | Learned a level 2 spell: Searing Ray
   397 | D:1      | Identified a scroll of acquirement
   397 | D:1      | Acquired the +5 helmet of Gaipa {Rampage}
   815 | D:1      | Acquired the +4 rapier "Ycwinefo" {speed, Dex+4}
   927 | D:2      | Reached skill level 5 in Spellcasting
   927 | D:2      | Reached XP level 3. HP: 25/25 MP: 7/9
  1022 | D:2      | Reached skill level 1 in Invocations
  1050 | D:2      | Reached skill level 1 in Fighting
  1050 | D:2      | Reached skill level 1 in Short Blades
  1050 | D:2      | Reached skill level 1 in Long Blades
  1050 | D:2      | Reached skill level 1 in Axes
  1050 | D:2      | Reached skill level 1 in Maces & Flails
  1050 | D:2      | Reached skill level 1 in Polearms
  1050 | D:2      | Reached skill level 1 in Staves
  1050 | D:2      | Reached skill level 1 in Ranged Weapons
  1050 | D:2      | Reached skill level 1 in Throwing
  1050 | D:2      | Reached skill level 1 in Armour
  1050 | D:2      | Reached skill level 1 in Shields
  1050 | D:2      | Reached skill level 1 in Unarmed Combat
  1050 | D:2      | Reached skill level 1 in Evocations
  1059 | D:2      | Reached XP level 4. HP: 18/32 MP: 11/11
  1343 | D:2      | Reached skill level 1 in Hexes
  1343 | D:2      | Reached skill level 1 in Summonings
  1343 | D:2      | Reached skill level 1 in Necromancy
  1343 | D:2      | Reached skill level 1 in Translocations
  1343 | D:2      | Reached skill level 1 in Transmutations
  1343 | D:2      | Reached skill level 1 in Fire Magic
  1343 | D:2      | Reached skill level 1 in Ice Magic
  1343 | D:2      | Reached skill level 1 in Air Magic
  1343 | D:2      | Reached skill level 1 in Earth Magic
  1343 | D:2      | Reached skill level 1 in Poison Magic
  1408 | D:2      | Found a faded altar of an unknown god.
  2122 | D:3      | Reached XP level 5. HP: 37/37 MP: 12/12
  2488 | D:3      | Found a shimmering altar of Xom.
  2739 | D:3      | Found a bloodstained altar of Trog.
  2787 | D:3      | Reached XP level 6. HP: 26/44 MP: 3/14
  2796 | D:3      | Reached skill level 5 in Dodging
  3297 | D:4      | Found a transporter.
  3301 | D:4      | Noticed qborf's ghost (amateur MiCK)
  3304 | D:4      | Found a transporter.
  3332 | D:4      | Found a hazy altar of Hepliaklqana.
  3335 | D:4      | Found an ancient bone altar of Kikubaaqudgha.
  3359 | D:4      | Became a worshipper of Hepliaklqana the Forgotten
  3646 | D:4      | Found an opulent altar of Gozag.
  3745 | D:4      | Found a burning altar of Makhleb.
  3846 | D:4      | Found a blossoming altar of Fedhas.
  3846 | D:4      | Found a snail-covered altar of Cheibriados.
  3923 | D:5      | Entered Level 5 of the Dungeon
  3929 | D:5      | Noticed a black bear
  4000 | D:4      | Killed a black bear
  4001 | D:4      | Reached XP level 7. HP: 41/51 MP: 9/15
  4110 | D:4      | Learned a level 4 spell: Iskenderun's Mystic Blast
  4229 | D:5      | Reached * piety under Hepliaklqana
  4265 | D:5      | Noticed Blork the orc
  4273 | D:5      | Killed Blork the orc
  4274 | D:5      | Reached skill level 5 in Stealth
  4416 | D:5      | Noticed Pikel
  4445 | D:5      | Killed Pikel
  4446 | D:5      | Reached XP level 8. HP: 52/52 MP: 13/17
  5179 | D:6      | Found a glowing golden altar of the Shining One.
  5180 | D:6      | Found a sacrificial altar of Ru.
  5310 | D:6      | Found a runed translucent door.
  5311 | D:6      | Noticed Crazy Yiuf
  5317 | D:6      | Killed Crazy Yiuf
  5372 | D:6      | Reached XP level 9. HP: 58/58 MP: 18/18
  5375 | D:6      | Learned a level 2 spell: Passwall
  6033 | D:6      | Reached ** piety under Hepliaklqana
  6034 | D:6      | Remembered your ancestor Cenhelm as a hexer
  6918 | D:7      | Reached skill level 5 in Invocations
  6991 | D:7      | Found a sand-covered staircase.
  6991 | D:7      | Noticed Menkaure
  7007 | Ossuary  | Entered an ossuary
  7523 | D:7      | Killed Menkaure
  7588 | D:7      | Found a staircase to the Ecumenical Temple.
  7896 | D:7      | Found a runed translucent gate.
  7896 | D:7      | Found a runed translucent gate.
  7896 | D:7      | Found a runed translucent gate.
  7896 | D:7      | Noticed gruber's ghost (novice TeCj)
  7899 | D:7      | Found a basalt altar of Yredelemnul.
  7918 | D:7      | Reached skill level 5 in Fighting
  7918 | D:7      | Reached skill level 5 in Short Blades
  7918 | D:7      | Reached skill level 5 in Long Blades
  7918 | D:7      | Reached skill level 5 in Axes
  7918 | D:7      | Reached skill level 5 in Maces & Flails
  7918 | D:7      | Reached skill level 5 in Polearms
  7918 | D:7      | Reached skill level 5 in Staves
  7918 | D:7      | Reached skill level 5 in Ranged Weapons
  7918 | D:7      | Reached skill level 5 in Throwing
  7918 | D:7      | Reached skill level 5 in Armour
  7918 | D:7      | Reached skill level 5 in Shields
  7918 | D:7      | Reached skill level 5 in Unarmed Combat
  7918 | D:7      | Reached skill level 5 in Evocations
  7918 | D:7      | Reached XP level 10. HP: 66/66 MP: 20/20
  8026 | D:8      | Found a flagged portal.
  8027 | D:8      | Noticed Amaemon
  8028 | D:8      | Noticed an orange demon
  8065 | D:8      | Killed Amaemon
  8073 | D:8      | Killed an orange demon
  8091 | Bailey   | Entered a bailey
  8592 | Bailey   | Noticed an orc high priest
  8605 | Bailey   | Killed an orc high priest
  8700 | Bailey   | Acquired a +5 shortbow of freezing
  8807 | Bailey   | Found an iron altar of Okawaru.
  8807 | Bailey   | Noticed a kobold demonologist
  8819 | Bailey   | Killed a kobold demonologist
  8835 | Bailey   | Identified the +8 sling of Risukash {freeze, Dex+2}
  8969 | D:8      | Acquired a +1 buckler of fire resistance
  8976 | D:8      | Acquired the ring "Len Matocisk" {rPois rN+ Dex+4}
  9017 | D:8      | Reached skill level 5 in Hexes
  9017 | D:8      | Reached skill level 5 in Summonings
  9017 | D:8      | Reached skill level 5 in Necromancy
  9017 | D:8      | Reached skill level 5 in Translocations
  9017 | D:8      | Reached skill level 5 in Transmutations
  9017 | D:8      | Reached skill level 5 in Fire Magic
  9017 | D:8      | Reached skill level 5 in Ice Magic
  9017 | D:8      | Reached skill level 5 in Air Magic
  9017 | D:8      | Reached skill level 5 in Earth Magic
  9017 | D:8      | Reached skill level 5 in Poison Magic
  9017 | D:8      | Reached XP level 11. HP: 59/72 MP: 22/22
  9170 | D:8      | Noticed a two-headed ogre
  9182 | D:8      | Killed a two-headed ogre
  9332 | D:8      | Reached *** piety under Hepliaklqana
 10228 | D:9      | Noticed a two-headed ogre
 10242 | D:9      | Killed a two-headed ogre
 10279 | D:9      | Noticed a skeletal warrior
 10301 | D:10     | Entered Level 10 of the Dungeon
 10301 | D:10     | Found a radiant altar of Vehumet.
 10788 | D:10     | Found Dolleos's Jewellery Shoppe.
 10796 | D:10     | Bought the ring "Fufar" {Fly rF+ Int+4} for 510 gold pieces
 10885 | D:10     | Identified the +1 leather armour of Parlour Games {rN+
                  | Int-5 Dex+3 Slay-5}
 10891 | D:10     | Noticed Fannar
 10914 | D:10     | Killed Fannar
 10914 | D:10     | Noticed Snorg
 10940 | D:10     | Killed Snorg
 11794 | D:10     | Noticed Harold
 11808 | D:10     | Killed Harold
 11901 | D:10     | Reached XP level 12. HP: 74/81 MP: 15/24
 12096 | D:10     | Found a staircase to the Lair.
 12249 | D:9      | Reached **** piety under Hepliaklqana
 12871 | Lair:1   | Entered Level 1 of the Lair of Beasts
 13166 | Lair:1   | You are sucked into a shaft and drop 1 floor!
 14385 | Lair:2   | Reached ***** piety under Hepliaklqana
 15686 | Lair:3   | Reached XP level 13. HP: 82/88 MP: 26/26
 16149 | Lair:3   | Reached skill level 10 in Conjurations
 16352 | Lair:3   | Found a hole to the Spider Nest.
 17272 | Lair:4   | Reached skill level 10 in Spellcasting
 17604 | Lair:4   | Found a staircase to the Shoals.
 17844 | Lair:3   | Reached skill level 10 in Dodging
 18835 | Lair:5   | Reached skill level 10 in Stealth
 19051 | Lair:5   | Found a viscous altar of Jiyva.
 19051 | Lair:5   | Found a staircase to the Slime Pits.
 19214 | Lair:5   | Reached XP level 14. HP: 97/97 MP: 24/28
 19257 | Lair:5   | Reached skill level 10 in Invocations
 19873 | Lair:5   | Acquired the ring "Mogionk" {rElec rF+ rN+ Int+4}
 20172 | Lair:6   | Entered Level 6 of the Lair of Beasts
 20402 | Lair:6   | Noticed Josephine
 20441 | Lair:6   | Killed Josephine
 20500 | Lair:6   | Noticed a dire elephant
 20520 | Lair:6   | Killed a dire elephant
 20817 | Lair:6   | Acquired a book of Air
 20838 | Lair:6   | Learned a level 2 spell: Blink
 20857 | Lair:6   | Reached skill level 10 in Fighting
 20857 | Lair:6   | Reached skill level 10 in Short Blades
 20857 | Lair:6   | Reached skill level 10 in Long Blades
 20857 | Lair:6   | Reached skill level 10 in Axes
 20857 | Lair:6   | Reached skill level 10 in Maces & Flails
 20857 | Lair:6   | Reached skill level 10 in Polearms
 20857 | Lair:6   | Reached skill level 10 in Staves
 20857 | Lair:6   | Reached skill level 10 in Ranged Weapons
 20857 | Lair:6   | Reached skill level 10 in Throwing
 20857 | Lair:6   | Reached skill level 10 in Armour
 20857 | Lair:6   | Reached skill level 10 in Shields
 20857 | Lair:6   | Reached skill level 10 in Unarmed Combat
 20857 | Lair:6   | Reached skill level 10 in Evocations
 21439 | Lair:6   | Reached XP level 15. HP: 103/103 MP: 22/30
 22992 | D:12     | Found a runed translucent door.
 23029 | D:12     | Found a runed translucent door.
 23744 | D:12     | Found a staircase to the Orcish Mines.
 23751 | Orc:1    | Entered Level 1 of the Orcish Mines
 23884 | Orc:2    | Entered Level 2 of the Orcish Mines
 23884 | Orc:2    | Reached ****** piety under Hepliaklqana
 23918 | Orc:2    | Learned a level 5 spell: Summon Mana Viper
 23959 | Orc:2    | Noticed Rupert
 23969 | Orc:2    | Killed Rupert
 23982 | Orc:2    | Found Oleaci's Magic Scroll Shop.
 24013 | Orc:2    | Noticed Nessos
 24031 | Orc:2    | Killed Nessos
 24204 | Orc:2    | Noticed an orc warlord
 24228 | Orc:2    | Killed an orc warlord
 24488 | Orc:1    | Noticed Jorgrun
 24500 | Orc:1    | Killed Jorgrun
 25036 | Orc:2    | Found Tuyco's Magic Scroll Emporium.
 25040 | Orc:2    | Found Moevaosch's Jewellery Shop.
 25078 | Orc:2    | Found Fysawn's Assorted Antiques.
 25082 | Orc:2    | Found Tenteequd's Antique Weapon Shoppe.
 25135 | Orc:2    | Found a staircase to the Elven Halls.
 25360 | Orc:2    | Reached XP level 16. HP: 111/111 MP: 30/32
 25422 | Orc:2    | Bought 3 scrolls of blinking for 360 gold pieces
 25422 | Orc:2    | Bought 3 scrolls of enchant armour for 360 gold pieces
 25422 | Orc:2    | Acquired a ring of see invisible
 25628 | D:13     | Found a gate to the Vaults.
 26291 | D:14     | Found a frozen archway.
 26374 | IceCv    | Entered an ice cave
 27059 | D:15     | Entered Level 15 of the Dungeon
 27141 | D:14     | Learned a level 4 spell: Airstrike
 27811 | D:15     | Found a staircase to the Depths.
 28409 | D:15     | Found a shimmering altar of Xom.
 28409 | D:15     | Found a shimmering altar of Xom.
 28409 | D:15     | Found a shimmering altar of Xom.
 28411 | D:15     | Found a shimmering altar of Xom.
 28417 | D:15     | Found a shimmering altar of Xom.
 28417 | D:15     | Found a shimmering altar of Xom.
 28832 | Shoals:1 | Entered Level 1 of the Shoals
 28832 | Shoals:1 | Found a large runed translucent door.
 28832 | Shoals:1 | Found a large runed translucent door.
 28844 | Shoals:1 | Noticed gabibbone's ghost (adept TeFi)
 29400 | Shoals:2 | Drowned by a drowned soul

Illustrated notes

Levels and vault maps discovered:
D:1:      lemuel_arrival_behind_the_door_large, layout_basic, minivault_24,
          dreamdust_wishing_well, moated_statue, minmay_hedge_maze
D:2:      layout_basic, dreamdust_ecumenical_altar_grove, eino_tiny_chamber,
          minmay_joined_circles
D:3:      layout_loops_ring, bloody_trog, mainiacjoe_overflow_tiny_flanked,
          minmay_fractal_squares_gapless_5
D:4:      layout_basic, bloody_makhleb, lemuel_crystal_altar,
          gammafunk_temple_overflow_pools, grunt_temple_overflow_open,
          gammafunk_ghost_mausoleum
D:5:      layout_cave_pools, minmay_misc_feat_x, uniq_blork_the_orc, uniq_pikel
D:6:      layout_basic, mainiacjoe_overflow_catch_the_wave,
          minmay_misc_feat_pillars, minivault_24, uniq_crazy_yiuf_cottage
D:7:      layout_rooms, nicolae_yredelemnul_ghost_church,
          minmay_temple_entry_ruins, chequers_ossuary_entry_cave,
          corexii_corridor_pit, uniq_menkaure
D:8:      layout_loops_cross, enter_bailey_5, uniq_amaemon
D:9:      layout_cave_pools, minmay_guarded_unrand_finisher
D:10:     layout_loops_ring, vehumet_crystals, erik_lair_dragon, serial_shops,
          shop, uniq_harold, uniq_snorg, uniq_fannar
D:11:     layout_loops_ring
D:12:     minmay_expanding_circles, layout_rooms, orc_0_dummy, chequers_garden
D:13:     layout_irregular_city, erik_vaults_1
D:14:     layout_roguey, portal_ice_cave_entry_ice_simulacra,
          kennysheep_pointless_box, solitary_fountain, drop_trap
D:15:     grunt_enter_depths_snipers, layout_basic, serial_bayou,
          serial_bayou_lagoon_a, serial_bayou_lagoon_b, serial_bayou_shore_a,
          serial_bayou_pond_b, nicolae_eternal_life, abandoned_shop,
          xom_shifter_show
Lair:1:   layout_small_grid
Lair:2:   layout_gridlike
Lair:3:   layout_loops_ring, hellmonk_spider_entry_life_and_decay
Lair:4:   beast_lair_carwin_large_1, layout_layer_cave, elwin_shoals_entry_rooms
Lair:5:   layout_loops_ring, dpeg_slime_entry_enclosed,
          chequers_serial_rivers_micro_e, grunt_megastairs_4,
          infiniplex_staircase_pool
Lair:6:   minmay_lair_end_frog_pond, layout_layer_cave,
          grunt_forest_stairs_basic, chequers_serial_rivers_micro_d,
          grunt_forest_large_clearings, serial_bayou_shore_b, uniq_josephine
Shoals:1: layout_shoals, ebering_ghost_disaster_area, uniq_nikola
Shoals:2: layout_shoals, serial_shops, nicolae_diamond_shop,
          nicolae_shop_advertising_works [nicolae_subvault_shop_adworks],
          nicolae_diamond_shop, abandoned_shop, nicolae_shoals_water_booths,
          uniq_frances, uniq_polyphemus, uniq_roxanne
Orc:1:    layout_diamond_mine, uniq_jorgrun
Orc:2:    st_orc_open, layout_caves, basic_altar, serial_shops, shop,
          uniq_rupert, uniq_nessos

Skill      XL: |  1  2  3  4  5  6  7  8  9 10 11 12 13 14 15 16 |
---------------+-------------------------------------------------+-----
Spellcasting   | 5 6 7 8 9 10 11 12 | 12.5
Invocations    | 1 2 3 4 5 6 7 8 9 10 11 12 | 12.5
Fighting       | 1 2 3 4 5 6 7 8 9 10 11 | 11.5
Short Blades   | 1 2 3 4 5 6 7 8 9 10 11 | 11.5
Long Blades    | 1 2 3 4 5 6 7 8 9 10 11 | 11.5
Axes           | 1 2 3 4 5 6 7 8 9 10 11 | 11.5
Maces & Flails | 1 2 3 4 5 6 7 8 9 10 11 | 11.5
Polearms       | 1 2 3 4 5 6 7 8 9 10 11 | 11.5
Staves         | 1 2 3 4 5 6 7 8 9 10 11 | 11.5
Ranged Weapons | 1 2 3 4 5 6 7 8 9 10 11 | 11.5
Throwing       | 1 2 3 4 5 6 7 8 9 10 11 | 11.5
Armour         | 1 2 3 4 5 6 7 8 9 10 11 | 11.5
Shields        | 1 2 3 4 5 6 7 8 9 10 11 | 11.5
Unarmed Combat | 1 2 3 4 5 6 7 8 9 10 11 | 11.5
Evocations     | 1 2 3 4 5 6 7 8 9 10 11 | 11.5
Hexes          | 1 2 3 4 5 6 7 8 9 |  9.7
Summonings     | 1 2 3 4 5 6 7 8 9 |  9.7
Necromancy     | 1 2 3 4 5 6 7 8 9 |  9.7
Translocations | 1 2 3 4 5 6 7 8 9 |  9.7
Transmutations | 1 2 3 4 5 6 7 8 9 |  9.7
Fire Magic     | 1 2 3 4 5 6 7 8 9 |  9.7
Ice Magic      | 1 2 3 4 5 6 7 8 9 |  9.7
Air Magic      | 1 2 3 4 5 6 7 8 9 |  9.7
Earth Magic    | 1 2 3 4 5 6 7 8 9 |  9.7
Poison Magic   | 1 2 3 4 5 6 7 8 9 |  9.7
Dodging        | 5 6 7 8 9 10 11 12 | 12.4
Stealth        | 5 6 7 8 9 10 11 12 | 12.3
Conjurations   | 8 9 10 11 12 | 12.0

Action                   |  1- 3 |  4- 6 |  7- 9 | 10-12 | 13-15 | 16-18 || total
-------------------------+-------+-------+-------+-------+-------+-------++-------
Melee: Short sword       |    11 |       |       |       |       |       ||    11
       Bite              |     5 |     7 |    38 |    45 |     5 |       ||   100
       Dagger            |    39 |       |       |       |       |       ||    39
       Rapier            |    15 |   110 |   327 |   285 |    30 |     2 ||   769
       Punch             |       |       |    12 |     1 |       |       ||    13
       Broad axe         |       |       |       |    48 |     7 |       ||    55
 Fire: Sling             |       |       |       |    97 |   840 |   420 ||  1357
Throw: Dart              |       |       |       |     2 |       |       ||     2
 Cast: Magic Dart        |    12 |       |       |       |       |       ||    12
       Searing Ray       |       |    21 |     7 |     3 |       |       ||    31
       Iskenderun's Myst |       |       |     1 |    98 |   185 |    46 ||   330
       Blink             |       |       |       |       |     2 |       ||     2
       Summon Mana Viper |       |       |       |       |     8 |    11 ||    19
       Airstrike         |       |       |       |       |       |     6 ||     6
Invok: Recall Ancestor   |       |       |     1 |     2 |       |       ||     3
       Ancestor Life: He |       |       |     1 |       |       |       ||     1
       Idealise          |       |       |       |       |     5 |     1 ||     6
Evoke: Wand              |       |       |       |     1 |       |       ||     1
  Use: Scroll            |     2 |     2 |    21 |     9 |    12 |     9 ||    55
       Potion            |       |       |     1 |     2 |     3 |     7 ||    13
 Stab: Sleeping          |     8 |    12 |    11 |     6 |       |       ||    37
       Distracted        |       |       |     3 |     3 |       |       ||     6
       Confused          |       |       |     2 |     7 |       |       ||     9
       Paralysed         |       |       |       |       |       |     1 ||     1
Armor: Robe              |    21 |    43 |   105 |   131 |   121 |       ||   421
       Troll leather arm |       |       |       |       |    23 |   133 ||   156
Dodge: Dodged            |    47 |    77 |   169 |   294 |   304 |   151 ||  1042
Block: Buckler           |       |       |       |   103 |   153 |   102 ||   358

Table legend: (Time is in decaauts)
 A = Elapsed time spent in this place.
 B = Non-inter-level travel time spent in this place.
 C = Inter-level travel time spent in this place.
 D = Time resting spent in this place.
 E = Time spent auto-exploring this place.
 F = Levels seen in this place.
 G = Mean time per level.
                   A        B        C        D        E       F      G
               +--------+--------+--------+--------+--------+-----+--------+
         Total |  29156 |  27861 |   1295 |   7770 |  10889 |  28 | 1041.3 |
       Dungeon |  16290 |  15424 |    866 |   4117 |   6527 |  15 | 1086.0 |
          Lair |   9111 |   8797 |    314 |   2583 |   3779 |   6 | 1518.5 |
        Shoals |    553 |    532 |     21 |      0 |      0 |   2 |  276.5 |
  Orcish Mines |   1729 |   1637 |     92 |    372 |    442 |   2 |  864.5 |
       Ossuary |    474 |    474 |      0 |    163 |    141 |   1 |  474.0 |
        Bailey |    829 |    829 |      0 |    420 |      0 |   1 |  829.0 |
      Ice Cave |    168 |    168 |      0 |    115 |      0 |   1 |  168.0 |
               +--------+--------+--------+--------+--------+-----+--------+

Top non-repeatable levels by time:
    D:10: 2238 daAuts
  Lair:2: 1904 daAuts
  Lair:4: 1747 daAuts
  Lair:6: 1728 daAuts
     D:8: 1706 daAuts
     D:6: 1577 daAuts
  Lair:3: 1432 daAuts
    D:14: 1314 daAuts
     D:3: 1301 daAuts
  Lair:5: 1269 daAuts
     D:2: 1066 daAuts
     D:5: 1057 daAuts
  Lair:1: 1029 daAuts
   Orc:2: 977 daAuts
    D:15: 971 daAuts
